 Dungeon Crawl Stone Soup version 0.16-a0-139-gc9fe9b1 (webtiles) character file.

303 Ratboiler the Cudgeler (level 6, 0/62 HPs)
             Began as an Ogre Artificer on Aug 14, 2014.
             Slain by a worker ant (4 damage)
             ... on Level 4 of the Dungeon.
             The game lasted 00:10:39 (3673 turns).

Ratboiler the Cudgeler (Ogre Artificer)             Turns: 3673, Time: 00:10:40

HP   0/62        AC  4     Str 17      XL: 6   Next: 38%
MP   9/9         EV 10     Int 11      God:
Gold 169         SH  0     Dex 12      Spells:  0 memorised,  5 levels left

rFire  . . .     SeeInvis .     a - +2 club
rCold  . . .     Clarity  .     e - +0 robe
rNeg   . . .     rCorr    .     (shield restricted)
rPois  .         rRot     .     (helmet restricted)
rElec  .         Spirit   .     i - +0 cloak
SustAb .         Warding  .     (gloves unavailable)
rMut   .         Stasis   .     (boots unavailable)
Gourm  .                        (no amulet)
MR     .....                    (no ring)
                                (no ring)

@: lethally poisoned, not resistant to hostile enchantments, very unstealthy
A: unfitting armour, tough skin 1
a: no special abilities


You were on level 4 of the Dungeon.
You were not hungry.

You visited 1 branch of the dungeon, and saw 4 of its levels.

You collected 169 gold pieces.

Inventory:

Hand weapons
 a - a +2 club (weapon)
Missiles
 j - 26 poisoned needles
Armour
 e - a +0 robe (worn)
 i - a +0 cloak (worn)
Magical devices
 b - a wand of flame (18)
 c - a wand of enslavement (14)
 d - a wand of random effects (12)
 t - a wand of confusion (0)
Comestibles
 f - 6 meat rations
 n - a bread ration
 s - 2 fruits
Scrolls
 l - 4 scrolls of immolation
 m - 2 scrolls of enchant weapon
 r - 2 scrolls of remove curse
 u - 2 scrolls of fog
 v - 2 scrolls of magic mapping {unknown}
 w - a scroll of random uselessness {unknown}
 x - a scroll of enchant armour {unknown}
Potions
 g - a potion of restore abilities
 h - a potion of brilliance
 k - 2 potions of curing
 o - a potion of cancellation
 p - a potion of lignification
 q - a potion of mutation {unknown}
 z - a potion of berserk rage {unknown}
 A - a potion of heal wounds {unknown}
 B - a potion of might {unknown}


   Skills:
 + Level 3.6 Fighting
 * Level 5.4 Maces & Flails
 + Level 3.0 Dodging
 - Level 0.7 Stealth
 + Level 3.3 Evocations


You had 5 spell levels left.
You didn't know any spells.

Dungeon Overview and Level Annotations

Branches:
Dungeon (4/15)
 Temple: D:4-7

Altars:
Qazlal


Innate Abilities, Weirdness & Mutations

You are too large for most types of armour.
You have tough skin (AC +1).


Message History

Aim: a worker ant (heavily wounded)
The puff of flame hits the worker ant.
The worker ant is heavily wounded.
This wand has 20 charges left.
You feel sick. The worker ant closely misses you.
Evoke which item? (* to show all) (? for menu, Esc to quit)
Zapping:
b - a wand of flame (20)
Press: ? - help, Shift-Dir - straight line, f/p - worker ant
Aim: a worker ant (heavily wounded)
The puff of flame misses the worker ant.
This wand has 19 charges left.
You feel sick. The worker ant bites you.
* * * LOW HITPOINT WARNING * * *
The worker ant closely misses you.
Evoke which item? (* to show all) (? for menu, Esc to quit)
Zapping:
b - a wand of flame (19)
Press: ? - help, Shift-Dir - straight line, f/p - worker ant
Aim: a worker ant (heavily wounded)
The puff of flame misses the worker ant.
This wand has 18 charges left.
The worker ant bites you.
You die...

# #### # ... # .
#.### # # # #.#
#.(.#### ..!#. #.#
#)...... .......#####
#.# #...####
........a@.# #.#
##.## (......###.#
#.# #.# ......###.##
#.# #.#
####.......###.####.#
#.####...........#
#.>....######
########


You could see a worker ant.

Vanquished Creatures
  The ghost of Ratboiler the Cudgeler, an average OgAr (D:3)
  Sigmund (D:2)
  An orc zombie (D:4)
  5 adders
  A worm (D:4)
  2 giant geckos
  3 orcs (D:3)
  9 bats
  4 giant cockroaches
  8 hobgoblins
  9 jackals
  3 kobolds
  3 quokkas
  3 giant newts
  8 goblins
  12 rats
73 creatures vanquished.

Notes
Turn   | Place    | Note
--------------------------------------------------------------
     0 | D:1      | Ratboiler, the Ogre Artificer, began the quest for the Orb.
     0 | D:1      | Reached XP level 1. HP: 19/19 MP: 1/1
   185 | D:1      | Reached XP level 2. HP: 19/28 MP: 2/2
   673 | D:2      | Noticed Sigmund
   689 | D:1      | Reached skill level 3 in Maces & Flails
   689 | D:1      | Reached XP level 3. HP: 18/35 MP: 4/4
  1421 | D:2      | Killed Sigmund
  1421 | D:2      | Reached skill level 4 in Maces & Flails
  1421 | D:2      | Reached XP level 4. HP: 44/44 MP: 6/6
  1421 | D:2      | Reached XP level 5. HP: 52/52 MP: 7/7
  2146 | D:3      | Noticed Ratboiler's ghost (average OgAr)
  2246 | D:3      | Killed Ratboiler's ghost
  2246 | D:3      | Reached skill level 5 in Maces & Flails
  2246 | D:3      | Reached XP level 6. HP: 18/61 MP: 9/9
  3179 | D:3      | Found a stormy altar of Qazlal.
  3673 | D:4      | Slain by a worker ant

Action                   |  1- 3 |  4- 6 || total
-------------------------+-------+-------++-------
Melee: Club              |   130 |   220 ||   350
Evoke: Wand              |     2 |    11 ||    13
  Use: Scroll            |     7 |     1 ||     8
       Potion            |     1 |     3 ||     4
 Stab: Paralysed         |     8 |     5 ||    13
  Eat: Chunk             |     2 |     6 ||     8
       Fruit             |       |     1 ||     1
